Get step-by-step instructions on how to execute this build order below. Start the game timer, and the build order will tick by so you can play in parallel with StarCraft on a second screen or mobile device.

Game Time

  0:00

Last Step

  N/A

Next Step

Upcoming Step



Don't want to look back and forth between 2 screens? Try out our Overwolf App, the Spawning Tool Build Advisor to get an in-game overlay with this build!

Complete Build Order

  12  0:00  SCV  
  13  0:12  SCV  
  14  0:16  Supply Depot  
  14  0:24  SCV  
  14  0:27  Refinery  
  15  0:38  SCV  
  16  0:45  Barracks  
  16  0:50  SCV  
  17  1:02  SCV  
  18  1:08  Engineering Bay  
  18  1:14  SCV  
  19  1:32  Orbital Command  
  19  1:36  Factory  
  19  1:38  Marine  
  20  1:44  Supply Depot  
  20  1:56  Barracks Reactor  
  20  1:58  SCV  
  21  2:10  SCV  
  22  2:15  Command Center  
  22  2:21  Cyclone  
  24  2:24  SCV  
  25  2:33  Supply Depot  
  25  2:34  Marine x2  
  27  2:37  SCV  
  28  2:48  Refinery  
  28  2:52  Marine x2  
  28  2:54  Cyclone  
  28  2:57  SCV  
  33  3:09  SCV  
  33  3:11  Marine x2  
  36  3:16  Starport  
  36  3:21  SCV  
  37  3:29  Marine  
  37  3:31  Orbital Command  
  38  3:34  SCV  
  38  3:41  Marine  
  37  3:46  SCV  
  36  3:49  Marine  
  36  3:50  Orbital Command  
  36  3:52  Starport Tech Lab  
  37  3:59  SCV, Marine  
  37  4:00  Bunker  
  39  4:06  Marine  
  40  4:10  Cloaking Field  
  40  4:11  Banshee, SCV  
  44  4:17  Marine  
  44  4:18  SCV  
  44  4:23  Supply Depot, SCV  
  47  4:25  Marine  
  47  4:30  SCV  
  49  4:35  Supply Depot, SCV  
  50  4:41  Marine  
  50  4:42  SCV  
  50  4:43  Marine  
  53  4:46  Factory Tech Lab  
  53  4:47  SCV  
  54  4:54  SCV  
  54  4:55  Banshee  
  54  4:59  SCV  
  59  5:02  Command Center  
  59  5:04  Siege Tank  
  59  5:06  SCV  
  63  5:12  SCV  
  64  5:15  Marine x2  
  64  5:16  Supply Depot  
  66  5:21  SCV, Engineering Bay  
  66  5:24  Barracks  
  66  5:26  SCV  
  67  5:29  Barracks  
  67  5:35  Marine x2  
  69  5:37  Siege Tank  
  69  5:38  SCV x2  
  69  5:42  Supply Depot  
  74  5:45  Banshee  
  77  5:50  SCV  
  78  5:59  Refinery  
  78  6:03  Supply Depot, Marine x2, Refinery  
  78  6:04  SCV x2  
  82  6:11  Siege Tank  
  85  6:16  Orbital Command, Barracks Tech Lab x2, SCV x2  
  87  6:20  Terran Infantry Weapons Level 1  
  87  6:21  Missile Turret  
  87  6:28  Missile Turret, SCV x2  
  87  6:29  Marine x2  
  91  6:37  Starport Reactor  
  91  6:39  Stimpack  
  91  6:40  Marauder, SCV x2  
  91  6:41  Marauder  
  91  6:44  SCV  
  98  6:48  Marine  
  98  6:49  Supply Depot  
  98  6:52  Orbital Command, SCV  
  103  6:54  Siege Tank  
  103  6:57  SCV  
  105  7:02  Marine  
  105  7:03  Marauder  
  105  7:07  Barracks  
  107  7:09  Barracks  
  107  7:11  SCV  
  107  7:13  Marauder  
  107  7:15  Medivac  
  112  7:21  Medivac  
  114  7:23  SCV, Supply Depot x2  
  114  7:26  Marauder  
  117  7:42  Marine x2  
  117  7:43  Marauder, Armory, SCV x3  
  121  7:53  Medivac  
  121  7:56  Marauder x2  
  121  7:58  Barracks Reactor, SCV x3  
  127  8:00  Ghost Academy  
  127  8:08  Marauder  
  127  8:10  SCV  
  130  8:14  Factory Reactor  
  130  8:18  SCV, Marauder x2  
  135  8:21  SCV  
  135  8:22  Marine x2  
  135  8:24  SCV  
  137  8:27  Refinery x2  
  137  8:28  Command Center  
  137  8:30  SCV  
  137  8:31  Terran Infantry Weapons Level 2, Supply Depot  
  137  8:32  Supply Depot  
  138  8:34  Engineering Bay  
  132  8:48  Marine x3  
  132  8:49  Ghost  
  132  8:55  Barracks, Ghost, SCV x2  
  137  8:56  Barracks, Supply Depot  
  137  8:58  Barracks  
  135  9:07  Ghost  
  135  9:08  Marine x4  
  141  9:11  Combat Shield  
  141  9:12  Concussive Shells  
  141  9:17  Supply Depot  
  141  9:22  Viking x2  
  145  9:27  Marine x3  
  145  9:28  Marine  
  149  9:34  Missile Turret  
  149  9:38  Marauder  
  147  9:39  Widow Mine  
  147  9:40  Widow Mine  
  147  9:42  Ghost x2  
  147  9:45  SCV x2  
  157  9:51  Marine x3  
  157  9:52  Marine  
  161  9:58  Barracks Tech Lab  
  161  9:59  Barracks Tech Lab x2, Marine  
  162  10:02  Widow Mine x2  
  166  10:12  Marauder  
  165  10:16  Planetary Fortress  
  165  10:18  Missile Turret  
  165  10:23  Widow Mine x2, Medivac  
  165  10:24  Sensor Tower  
  165  10:25  Medivac  
  177  10:28  Marauder x2  
  177  10:30  Marauder  
  177  10:32  SCV  
  180  10:36  Supply Depot x2  
  180  10:37  Terran Ship Weapons Level 1  
  180  10:47  Marauder  
  180  10:49  Marauder  
  184  10:51  Widow Mine x2  
  184  10:55  Marauder  
  184  10:56  Marauder  
  176  11:05  Marauder  
  178  11:13  Medivac x2, Widow Mine x2  
  178  11:17  Supply Depot  
  186  11:21  Terran Infantry Weapons Level 3  
  186  11:28  SCV x2  
  186  11:30  SCV  
  193  11:33  Marauder x3  
  193  11:34  SCV  
  193  11:36  Refinery  
  193  11:37  Missile Turret x2  
  193  11:38  Missile Turret x2, Refinery  
  184  11:50  Widow Mine x2  
  184  11:52  Viking x2  
  184  11:53  Marine  
  184  11:54  Marauder x3, Marine  
  200  11:56  Terran Infantry Armor Level 1  
  200  11:59  Command Center  
  200  12:02  Command Center  
  188  12:17  Marauder x4, Marine x3, Starport  
  188  12:21  Factory Reactor  
  199  12:24  Fusion Core  
  197  12:46  Marauder  
  197  12:47  Marauder  
  191  12:54  Medivac x2, Marauder  
  194  12:59  Marine, Marauder  
  194  13:00  Marauder  
  194  13:04  SCV x2  
  191  13:06  SCV x2  
  191  13:09  Marauder  
  191  13:10  Caduceus Reactor, Widow Mine  
  194  13:16  SCV x2, Medivac  
  194  13:18  SCV x2  
  197  13:20  Viking  
  197  13:23  Marine  
  200  13:36  Command Center  
  200  13:40  Command Center  
  200  13:42  Command Center  
  200  13:49  Terran Infantry Armor Level 2  
  200  13:50  Terran Ship Weapons Level 2, Starport  
  200  13:51  Starport  
  200  13:56  Viking  
  191  14:05  Marine  
  191  14:06  Marine x2, Marauder x3  
  191  14:07  Ghost x3  
  198  14:11  Viking  
  190  14:31  Viking x3  
  196  14:46  Viking  
  196  14:47  Ghost  
  200  15:00  Planetary Fortress  
  200  15:05  Neosteel Armor  
  200  15:06  Missile Turret  
  189  15:16  Marine  
  189  15:17  Marauder x3, Marine  
  189  15:18  Widow Mine x2  
  171  15:24  Marauder x2, Marine  
  171  15:26  Marauder, Marine  
  169  15:30  Liberator x2  
  169  15:31  Liberator x2  
  169  15:32  Advanced Ballistics  
  169  15:34  Marine  
  182  15:36  Liberator x2  
  182  15:38  Marauder, Marine  
  182  15:39  SCV x3, Widow Mine  
  182  15:40  SCV  
  197  15:48  Orbital Command x2  
  197  15:53  Orbital Command  
  197  15:56  Marauder  
  199  16:02  Marauder  
  199  16:08  Missile Turret  
  199  16:09  Marine  
  189  16:27  Marauder x2  
  189  16:29  Liberator x2  
  197  16:39  Marauder  
  181  16:40  Marauder x2  
  181  16:43  Liberator x2  
  181  16:46  Marine  
  166  16:48  Ghost, Marauder, Marine  
  166  16:50  Liberator x2, Widow Mine x2  
  179  16:56  Planetary Fortress  
  179  16:57  Ghost  
  181  17:08  Sensor Tower  
  181  17:11  Widow Mine x2  
  181  17:12  Liberator  
  188  17:18  Terran Infantry Armor Level 3  
  188  17:25  Marauder  
  188  17:26  Marine  
  188  17:27  Refinery  
  188  17:28  Marauder x2, Refinery  
  193  17:43  Liberator x2  
  171  17:45  Marauder x2  
  171  17:47  Marine  
  171  17:48  Marine x2, Widow Mine  
  166  17:59  Ghost  
  166  18:04  Marine, Marauder  
  171  18:07  Marauder  
  171  18:09  Widow Mine x2  
  174  18:14  Marauder  
  174  18:15  Liberator  
  175  18:20  Marauder  
  175  18:26  Liberator  
  178  18:27  Marine  
  178  18:30  Widow Mine  
  178  18:31  Widow Mine  
  178  18:32  Missile Turret  
  183  18:34  Missile Turret x2  
  183  18:37  Sensor Tower  
  183  18:39  Viking  
  183  18:40  Viking  
  185  18:41  Viking  
  185  18:46  Viking  
  189  18:51  Widow Mine  
  189  18:52  Widow Mine  
  193  18:58  Viking  
  190  19:08  Marauder x2  
  190  19:09  Orbital Command, Viking x2  
  188  19:16  Viking x3  
  186  19:19  Marauder x2  
  186  19:23  Widow Mine x2  
  186  19:26  Marauder, Marine  
  186  19:30  Viking  
  188  19:42  Hi-Sec Auto Tracking  
  188  19:45  Widow Mine  
  191  19:57  Marauder  
  191  19:59  Widow Mine  
  193  20:03  Ghost  
  193  20:06  Widow Mine  
  198  20:16  Marauder  
  198  20:19  Liberator  
  198  20:20  Liberator x2  
  195  20:33  Ghost x4  
  196  20:37  Ghost  
  196  20:39  Ghost  
  198  20:47  Marine  
  198  20:48  Marine  
  183  21:01  Ghost x2  
  183  21:02  Liberator x3, Widow Mine x2  
  157  21:19  Marauder x2, Marine  
  157  21:20  Liberator, Marauder, Marine x4  
  157  21:21  Liberator  
  157  21:24  Widow Mine x2  
  160  21:29  Orbital Command  
  160  21:30  Marine x2  
  150  21:38  Marauder  
  146  21:41  Marauder x2  
  146  21:42  Marine, Marauder  
  148  21:48  Marauder  
  145  21:56  Marauder  
  145  22:00  Marauder  
  149  22:10  Marauder x2, Marine x2  
  149  22:12  Marauder, Marine  
  149  22:13  Marine, Marauder  
  161  22:20  Command Center  
  158  22:23  Missile Turret  
  158  22:25  Missile Turret  
  151  22:34  Liberator x4, Marauder  
  159  22:39  Marauder  
  159  22:41  Liberator, Marauder, Marine  
  159  22:42  Liberator, Marine  
  159  22:43  Marine x2, Widow Mine x2  
  165  22:45  Marine, SCV x2, Refinery x2  
  167  22:51  Marauder  
  162  22:59  Ghost, Marine  
  165  23:07  Marine  
  165  23:08  Marauder  
  165  23:09  Marauder  
  162  23:23  Marauder  
  158  23:27  Widow Mine  
  158  23:28  Marine, Widow Mine  
  158  23:29  Marauder x2  
  158  23:32  Marine x2  
  158  23:33  SCV  
  158  23:34  SCV x5  
  175  23:38  Marauder  
  177  23:42  Marine x2  
  177  23:43  Marauder  
  177  23:45  SCV, Marauder  
  177  23:47  Marine  
  185  23:49  Widow Mine x2  
  185  23:51  Sensor Tower  
  189  24:12  Marauder  
  189  24:16  Marine  
  194  24:17  Marauder  
  188  24:25  Marauder  
  188  24:26  Marauder  
  192  24:39  Marauder, Marine  
  192  24:43  Viking x4  
  192  24:44  Planetary Fortress  
  194  24:45  Marauder  
  179  24:55  Marine x3  
  179  24:56  Marine, Marauder x2  
  178  25:02  Widow Mine x2, Marine  
  178  25:03  Marine, Marauder  
  178  25:06  Marine  
  182  25:13  Marine x4  
  186  25:16  Marine x2  
  186  25:20  Marine  
  185  25:21  Marauder  
  185  25:22  Orbital Command  
  185  25:24  Widow Mine x2, Marine x2  
  185  25:31  Marine  
  185  25:32  Missile Turret, Marauder  
  185  25:34  Ghost x2  
  188  25:42  Missile Turret  
  188  25:45  Viking x2, Widow Mine  
  188  25:46  Viking  
  188  25:49  Widow Mine  
  193  25:53  Marauder  
  181  26:03  Marine  
  181  26:04  Viking x3, Marauder  
  181  26:05  Marine  
  181  26:06  Marine x6  
  183  26:14  Marine  
  183  26:17  Viking x2  
  185  26:21  Widow Mine, Marine  
  185  26:22  Widow Mine  
  185  26:23  Marine x2  
  186  26:30  Marine  
  186  26:31  Viking  
  180  26:35  Refinery x2  
  172  26:41  Medivac  
  172  26:42  Marine  
  172  26:44  Marine x8  
  179  26:48  Supply Depot, Marine  
  179  26:52  Terran Vehicle And Ship Armor Level 1  
  180  26:57  Widow Mine  
  180  26:58  Widow Mine  
  180  27:00  Marine  
  184  27:02  Marauder  
  184  27:03  Marine  
  184  27:07  Viking x2  
  183  27:10  Viking  
  145  27:27  Widow Mine x2  
  137  27:33  Viking x2, Marine  
  137  27:34  Marine  
  84  27:44  Marine  
  84  27:46  Marine  
  84  27:48  Widow Mine  
  84  27:49  Widow Mine  
  90  27:57  Viking  
  92  27:59  Marine  
  92  28:01  Marine  
  94  28:06  Marine  
  94  28:08  Marine  
  96  28:20  Ghost  
  98  28:27  Ghost  
  96  28:38  Ghost  
  98  28:51  Ghost  
  99  28:59  Ghost  
  99  29:10  Ghost  
  97  29:37  Orbital Command  
  97  29:38  Ghost  
  99  30:01  Marauder x3  
  99  30:02  Marine x2, Marauder x2  
  111  30:09  Marauder  
  113  30:20  Marine  
  114  30:23  Marauder  
  112  30:31  Marauder  
  114  30:42  Marauder